AoeStats
← Jumbo2_22

Black Forest

510601476Analyzed
4v4 RM · 1d ago on Oct 1, 2026· 67m 14s· 8 players
Game mode
Random Map
Map size
Large (8 player)
Population
200
Speed
Normal
Resources
Standard
Victory
Conquest
Starting age
Dark Age
Ending age
Imperial Age
RankedLock teamsTeams togetherTeam positionsShared explorationLock speedFull tech treeHidden civsTurbo modeCheats
Victory
Defeat
🇩🇪 Persians · Germany
1158
+15
🇩🇪 Turks · Germany
1143
+15
🇩🇪 Koreans · Germany
1141
+15
🇩🇪 Teutons · Germany
1093
+18
🇨🇿 Vietnamese · Czechia
1146
-17
🇫🇷 Magyars · France
1135
-16
🇨🇭 Mongols · Switzerland
1121
-15
🇫🇷 Britons · France
1117
-15
agiardpro
0:32 Loom
12:25 Feudal Age
12:50 Horse Collar
13:00 Double-Bit Axe
18:01 Castle Age
18:58 Bow Saw
18:23 Crossbowman
25:40 Ballistics
26:41 Fletching
32:46 Gold Mining
34:13 Wheelbarrow
34:50 Devotion
35:45 Stone Mining
42:23 Imperial Age
41:20 Yeomen
41:26 Bodkin Arrow
41:31 Padded Archer Armor
42:34 Elite Longbowman
43:36 Conscription
44:26 Bracer
44:41 Leather Archer Armor
45:00 Hand Cart
45:21 Pikeman
46:01 Squires
46:10 Halberdier
47:03 Forging
46:53 Scale Mail Armor
48:45 Iron Casting
48:34 Caravan
53:23 Elite Skirmisher
56:20 Imperial Skirmisher
jawsy_
8:53 Loom
11:15 Feudal Age
15:52 Castle Age
14:03 Double-Bit Axe
15:11 Wheelbarrow
14:21 Horse Collar
18:02 Bow Saw
17:57 Heavy Plow
21:42 Bloodlines
23:25 Wheelbarrow
24:16 Scale Barding Armor
31:18 Stone Mining
31:35 Husbandry
36:46 Imperial Age
34:17 Gold Mining
34:44 Fletching
34:54 Padded Archer Armor
35:17 Ballistics
37:01 Chain Barding Armor
36:42 Bodkin Arrow
37:02 Leather Archer Armor
36:10 Elite Skirmisher
36:56 Thumb Ring
38:38 Chemistry
38:28 Gold Shaft Mining
38:03 Corvinian Army
38:24 Conscription
38:00 Imperial Skirmisher
38:09 Heavy Cavalry Archer
39:32 Hand Cart
40:08 Recurve Bow
40:53 Bracer
41:09 Leather Archer Armor
42:01 Parthian Tactics
42:22 Elite Magyar Huszar
45:45 Light Cavalry
48:23 Caravan
50:46 Ring Archer Armor
50:53 Plate Barding Armor
Jumbo2_22
4:14 Loom
14:50 Feudal Age
15:32 Double-Bit Axe
17:47 Wheelbarrow
19:00 Horse Collar
23:58 Castle Age
22:18 Fletching
24:26 Crossbowman
24:33 Pikeman
29:28 Padded Archer Armor
38:15 Heavy Plow
41:09 Elite Skirmisher
44:00 Bodkin Arrow
44:20 Leather Archer Armor
49:58 Imperial Age
48:00 Bloodlines
47:51 Husbandry
48:21 Light Cavalry
49:25 Ballistics
50:02 Hand Cart
49:59 Bow Saw
50:22 Imperial Skirmisher
51:10 Thumb Ring
52:48 Chemistry
53:12 Bracer
54:38 Squires
54:23 Arson
56:00 Paper Money
55:18 Elite Fire Lancer
55:21 Halberdier
58:32 Elite Fire Lancer
62:03 Chatras
Mr. Bolivar
10:49 Feudal Age
9:06 Loom
9:24 Loom
15:06 Castle Age
13:49 Double-Bit Axe
13:46 Horse Collar
13:58 Gold Mining
14:43 Stone Mining
16:31 Bow Saw
19:57 Wheelbarrow
22:00 Heavy Plow
23:50 Gold Shaft Mining
24:25 Stone Shaft Mining
26:02 Hand Cart
26:31 Ballistics
26:22 Fortified Wall
29:58 Imperial Age
29:40 Padded Archer Armor
29:31 Fletching
29:51 Forging
29:47 Scale Barding Armor
29:45 Caravan
30:32 Thumb Ring
30:45 Leather Archer Armor
31:27 Conscription
32:52 Bodkin Arrow
33:32 Iron Casting
33:19 Chain Barding Armor
33:00 Elite Mangudai
34:30 Husbandry
33:51 Light Cavalry
34:41 Bloodlines
34:59 Bracer
35:28 Onager
37:55 Blast Furnace
37:21 Parthian Tactics
37:59 Chemistry
37:13 Siege Engineers
37:02 Hussar
38:20 Drill
40:21 Siege Onager
45:20 Capped Ram
doo
1:13 Loom
12:30 Feudal Age
17:44 Castle Age
15:52 Town Watch
16:52 Scale Mail Armor
16:58 Scale Barding Armor
17:32 Bloodlines
18:54 Gold Mining
19:38 Forging
26:12 Pikeman
28:05 Gambesons
28:06 Arson
30:09 Double-Bit Axe
33:11 Chain Mail Armor
40:51 Imperial Age
39:02 Wheelbarrow
38:28 Town Patrol
39:39 Bow Saw
41:29 Halberdier
43:27 Chemistry
42:38 Fortified Wall
43:11 Hand Cart
42:45 Horse Collar
42:49 Onager
44:52 Two-Man Saw
45:21 Iron Casting
44:37 Fletching
45:18 Plate Mail Armor
44:48 Padded Archer Armor
45:00 Heavy Plow
47:20 Bodkin Arrow
48:26 Blast Furnace
47:46 Chain Barding Armor
47:34 Cavalier
49:56 Crenellations
49:57 Conscription
49:58 Ironclad
50:10 Leather Archer Armor
50:43 Hoardings
49:51 Paladin
57:32 Plate Barding Armor
66:37 Crop Rotation
66:41 Ballistics
Nici
3:52 Loom
11:52 Feudal Age
15:26 Castle Age
13:59 Horse Collar
14:38 Double-Bit Axe
16:15 Heavy Plow
16:26 Bow Saw
17:55 Forging
18:13 Fervor
24:36 Wheelbarrow
26:09 Hand Cart
29:57 Fletching
30:08 Padded Archer Armor
30:13 Scale Barding Armor
30:44 Iron Casting
32:42 Imperial Age
29:58 Town Watch
30:39 Gold Mining
30:39 Stone Mining
32:00 Town Patrol
32:00 Bodkin Arrow
32:20 Leather Archer Armor
32:26 Chain Barding Armor
33:09 Bloodlines
33:00 Husbandry
33:16 Caravan
33:07 Heavy Camel Rider
34:50 Coinage
34:31 Guilds
35:02 Ballistics
34:53 Fortified Wall
34:39 Murder Holes
36:22 Blast Furnace
35:22 Bracer
35:53 Ring Archer Armor
35:47 Conscription
36:23 Banking
36:20 Artillery
36:29 Elite Janissary
38:49 Hoardings
38:20 Devotion
39:02 Plate Barding Armor
39:05 Gold Shaft Mining
38:54 Sipahi
42:16 Two-Man Saw
47:23 Heavy Cavalry Archer
48:29 Parthian Tactics
48:10 Thumb Ring
48:10 Treadmill Crane
48:41 Masonry
48:52 Bombard Tower
48:18 Arrowslits
Schlumpf
1:02 Loom
12:31 Feudal Age
17:01 Castle Age
15:38 Horse Collar
16:04 Double-Bit Axe
16:40 Town Watch
26:50 Fletching
29:45 Wheelbarrow
29:17 Scale Barding Armor
32:27 Hand Cart
36:00 Imperial Age
33:41 Caravan
34:48 Chain Barding Armor
34:38 Forging
35:05 Town Patrol
35:23 Bodkin Arrow
37:08 Plate Barding Armor
37:43 Iron Casting
37:16 Husbandry
37:39 Heavy Plow
38:09 Bloodlines
38:13 Cavalier
39:20 Bow Saw
39:09 Gold Mining
40:32 Blast Furnace
40:07 Savar
43:00 Scale Mail Armor
43:38 Hoardings
43:25 Kamandaran
43:27 Padded Archer Armor
45:09 Two-Man Saw
45:05 Stone Mining
45:25 Crossbowman
46:27 Leather Archer Armor
47:17 Ballistics
46:41 Light Cavalry
47:31 Thumb Ring
48:29 Chemistry
48:07 Ring Archer Armor
47:35 Murder Holes
49:49 Masonry
50:56 Gold Shaft Mining
50:40 Citadels
51:47 Chain Mail Armor
52:03 Architecture
51:49 Guard Tower
52:45 Stone Shaft Mining
52:00 Elite Skirmisher
53:32 Crop Rotation
53:48 Conscription
53:34 Elite War Elephant
55:38 Plate Mail Armor
55:20 Capped Ram
56:48 Devotion
63:04 Sappers
64:55 Careening
64:55 Clinker Construction
64:51 Siphons
64:36 Heated Shot
JohnnyBeGood
1:23 Loom
12:18 Feudal Age
13:32 Double-Bit Axe
16:42 Horse Collar
21:04 Castle Age
21:55 Bow Saw
22:25 Stone Mining
22:37 Heavy Plow
24:15 Wheelbarrow
25:54 Gold Mining
27:02 Hand Cart
28:31 Gold Shaft Mining
28:01 Fletching
29:01 Town Watch
30:04 Bodkin Arrow
31:43 Scale Mail Armor
32:43 Stone Shaft Mining
32:55 Pikeman
33:36 Squires
35:16 Chain Mail Armor
35:12 Forging
35:28 Eupseong
40:04 Imperial Age
38:27 Iron Casting
39:16 Town Patrol
39:54 Ballistics
39:45 Masonry
39:39 Murder Holes
39:26 Treadmill Crane
41:18 Conscription
41:42 Bracer
43:56 Heavy Rocket Cart
45:54 Plate Mail Armor
44:47 Halberdier
48:06 Shinkichon
49:06 Chemistry
48:12 Siege Engineers
48:40 Architecture
49:15 Elite War Wagon
52:07 Two-Man Saw
51:21 Fortified Wall
Connection lost

Rejoining the realm…

Still unreachable

The connection could not be restored.

Session expired

The server has moved on; the page needs a fresh start.